 Dungeon Crawl Stone Soup version 0.25-a0-364-ge76b031baf (webtiles) character file.

Game seed: 10964419226361641966, levelgen mode: deterministic

39 night the Conjurer (level 3, 0/20 HPs)
             Began as a Deep Elf Conjurer on Jan 4, 2020.
             Slain by a gnoll
             ... wielding a +0 mace
              (9 damage)
             ... on level 2 of the Dungeon.
             The game lasted 00:01:56 (1114 turns).

night the Conjurer (Deep Elf Conjurer)              Turns: 1114, Time: 00:01:57

Health: 0/20       AC:  2    Str:  5    XL:     3   Next: 26%
Magic:  6/10       EV: 13    Int: 20    God:
Gold:   40         SH:  0    Dex: 15    Spells: 6/9 levels left

rFire    . . .     SeeInvis .   (no weapon)
rCold    . . .     Gourm    .   (no shield)
rNeg     . . .     Faith    .   a - +0 robe
rPois    .         Spirit   .   (no helmet)
rElec    .         Reflect  .   (no cloak)
rCorr    .         Harm     .   (no gloves)
MR       .....                  (no boots)
Stlth    ++........             (no amulet)
HPRegen  0.06/turn              (no ring)
MPRegen  0.12/turn              (no ring)

@: no status effects
A: no striking features
a: no special abilities


You were on level 2 of the Dungeon.
You were hungry.

You visited 1 branch of the dungeon, and saw 2 of its levels.

You collected 40 gold pieces.

Inventory:

Armour
 a - a +0 robe (worn)
Scrolls
 b - a scroll of enchant weapon {unknown}
 d - 5 scrolls of identify {unknown}
 e - a scroll of remove curse {unknown}
Potions
 f - 2 potions of might {unknown}
 g - a potion of magic {unknown}
 h - a potion of heal wounds {unknown}
Comestibles
 c - 3 rations


   Skills:
 + Level 1.2 Fighting
 - Level 2.4 Dodging
 - Level 2.4 Stealth
 + Level 3.8 Spellcasting
 + Level 4.8 Conjurations


You had 6 spell levels left.
You knew the following spells:

 Your Spells              Type           Power        Failure   Level  Hunger
a - Magic Dart            Conj           ###.         1%          1    None
b - Searing Ray           Conj           ###...       2%          2    ##.....

Your spell library contained the following spells:

 Spells                   Type           Power        Failure   Level  Hunger
 Dazzling Flash           Conj/Hex       ##....       14%         3    ###....
 Fulminant Prism          Conj/Hex       ##........   43%         4    ####...
 Iskenderun's Mystic Bla  Conj/Tloc      ##......     43%         4    ####...


Dungeon Overview and Level Annotations

Branches:
Dungeon (2/15)

Altars:
Hepliaklqana


Message History

You climb downwards.
You are feeling hungry.
The gnoll hits you but does no damage. The gnoll hits you with a +0 mace.
There is a stone staircase leading up here.
Casting: Magic Dart (safe; 1% risk of failure)
Confirm with . or Enter, or press ? or * to list all spells.
Aiming: Searing Ray (safe; 2% risk of failure)
Press: ? - help, Shift-Dir - straight line, f - gnoll
Aim: a gnoll, wielding a +0 mace The searing ray hits the gnoll.
The gnoll is heavily wounded. (Press . to maintain the ray.)
The searing ray hits the gnoll.
The gnoll is severely wounded.
The gnoll hits you with a +0 mace!
Ouch! That really hurt!
The searing ray hits the gnoll.
The gnoll is almost dead.
The gnoll hits you with a +0 mace!
You die...

#...#..........###
#..............#
.#####..............#
...............>....# ..
#..................# .#..
....................( .....
.##............>.... ......
##................
........###..@............#
.........)..g..........###
......#.....#......#....#
......รท.....####.####....
.............###.# ###
.......#.....##..#
.......#.##......########
.................g).....##
.................##.###..#


You could see a gnoll.

Vanquished Creatures
  2 gnolls (D:2)
  A worm (D:1)
  A ball python (D:2)
  2 goblins
  5 hobgoblins
  2 jackals (D:1)
  A frilled lizard (D:1)
  2 kobolds
16 creatures vanquished.

Notes
Turn   | Place    | Note
-------+----------+-------------------------------------------
     0 | D:1      | night the Deep Elf Conjurer began the quest for the Orb.
     0 | D:1      | Reached XP level 1. HP: 10/10 MP: 6/6
   642 | D:1      | Reached XP level 2. HP: 16/16 MP: 5/8
   672 | D:1      | Learned a level 2 spell: Searing Ray
   966 | D:2      | Reached skill level 1 in Fighting
   996 | D:2      | Found a hazy altar of Hepliaklqana.
  1005 | D:2      | Reached XP level 3. HP: 20/20 MP: 5/10
  1114 | D:2      | Slain by a gnoll

Levels and vault maps discovered:
D:1:      scummos_arrival_star, layout_basic, serial_co_window_serial,
          co_window_of_opportunity_a, co_window_paths_b, co_window_paths_a,
          co_window_paths_a, co_window_paths_a, co_window_of_opportunity_a,
          co_window_corner_ca, co_window_corner_b, co_window_2corner,
          co_window_4corner_a, nrook_uturn, chequers_serial_rivers_small_a
D:2:      layout_rooms, lemuel_round_altar, first_ration, hangedman_glass_teeth,
          uniq_jessica

Skill      XL: |  1  2 |
---------------+-------+-----
Fighting       | 1 |  1.2
Dodging        | |  2.4
Stealth        | |  2.4
Spellcasting   | |  3.8
Conjurations   | |  4.8

Action                   || total
-------------------------++-------
 Cast: Magic Dart        ||    37
       Searing Ray       ||     3
Dodge: Dodged            ||     2

Table legend:
 A = Non-vault XP
 B = Vault XP
 C = Vault XP percentage of total XP
 D = Non-vault monster count
 E = Vault monster count
 F = Vault count percentage of total count
                 A         B        C        D         E       F
            +---------+---------+-------+---------+---------+-------
      Total |      56 |       0 |   0.0 |      16 |       0 |   0.0
            +---------+---------+-------+---------+---------+-------
        D:1 |      19 |       0 |   0.0 |       9 |       0 |   0.0
        D:2 |      37 |       0 |   0.0 |       7 |       0 |   0.0
            +---------+---------+-------+---------+---------+-------
